 Dungeon Crawl Stone Soup version 0.27.1-1-g398f81649c (webtiles) character file.

Game seed: 14069806408223397902

146 pbellow the Chopper (level 5, -1/70 HPs)
             Began as a Hill Orc Fighter on Sept 11, 2021.
             Slain by Crazy Yiuf (9 damage)
             ... on level 3 of the Dungeon.
             The game lasted 00:10:29 (3377 turns).

pbellow the Chopper (Hill Orc Fighter)              Turns: 3377, Time: 00:10:30

Health: -1/70      AC: 22    Str: 20    XL:     5   Next: 28%
Magic:  5/5        EV:  2    Int:  8    God:
Gold:   143        SH:  9    Dex: 10    Spells: 4/4 levels left

rFire    . . .     SeeInvis .   a - +3 war axe (vamp)
rCold    . . .     Faith    .   c - +0 kite shield
rNeg     + + +     Spirit   .   (armour currently unavailable)
rPois    +         Reflect  .   (helmet currently unavailable)
rElec    .         Harm     .   (cloak currently unavailable)
rCorr    .         Rampage  .   (gloves currently unavailable)
Will     .....     NoTele   +   (boots currently unavailable)
Stlth    +.........             (no amulet)
HPRegen  0.21/turn              (no ring)
MPRegen  0.09/turn              (no ring)

@: tree-form
A: stationary, stasis, torment immunity, boosted hp
a: no special abilities


You were on level 3 of the Dungeon.
You were a tree.
You visited 1 branch of the dungeon, and saw 3 of its levels.

You collected 143 gold pieces.

Inventory:

Hand Weapons
 a - a +3 vampiric war axe (weapon)
Armour
 b - a +0 scale mail (melded)
 c - a +0 kite shield (worn)
Wands
 h - a wand of mindburst (12)
Potions
 d - a potion of curing {unknown}
 i - 2 potions of flight {unknown}


   Skills:
 + Level 4.3 Fighting
 + Level 4.8 Axes
 + Level 3.7 Armour
 + Level 0.5 Dodging
 + Level 4.4 Shields


You had 4 spell levels left.
You didn't know any spells.
Your spell library was empty.

Dungeon Overview and Level Annotations

Branches:
Dungeon (3/15)

Altars:

Shops:
D:3 [?[

Annotations:
D:3 Crazy Yiuf


Message History

The bush is almost destroyed.
You slash the bush!
The bush is almost destroyed.
You hit the bush.
The bush is almost destroyed.
You hit the bush.
The bush is almost destroyed.
You slash the bush!
You destroy the bush!
You hit the fungus.
The fungus begins to die.
The fungus is lightly damaged.
You hit the fungus.
The fungus is lightly damaged.
You slash the fungus!
The fungus is lightly damaged.
You slash the fungus!
The fungus is lightly damaged.
A nearby fungus withers and dies.
Found a runed mace.
Found a runed translucent door.
Crazy Yiuf shouts!
You open the door. You closely miss Crazy Yiuf.
Crazy Yiuf hits you with a +3 quarterstaff of chaos!
Crazy Yiuf burns you.
Crazy Yiuf hits you with a +3 quarterstaff of chaos!
You slash Crazy Yiuf!
Crazy Yiuf is heavily wounded.
Crazy Yiuf hits you with a +3 quarterstaff of chaos.
* * * LOW HITPOINT WARNING * * *
Crazy Yiuf freezes you.
* * * LOW HITPOINT WARNING * * *
You hit Crazy Yiuf but do no damage.
Crazy Yiuf is heavily wounded.
Crazy Yiuf hits you with a +3 quarterstaff of chaos!
* * * LOW HITPOINT WARNING * * *
You turn into a tree.
Your +0 scale mail melds into your body.
Your roots penetrate the ground.
Crazy Yiuf hits you with a +3 quarterstaff of chaos!
You die...

###.# #..#
#....###...........
.##.#####.## #....#
#####.#####.
...........# ♣..♣P♣
#.# ##..
>##.#####.## ♣♣.P.♣
#####.# #... ###.#
#..# ♣♣.♣♣ #..##.#
##.. ....# ####
♣♣.♣ ##.##.# ##.
##### ♣.♣♣ #.##.#
#. ♣♣.♣ ##.##.# #.
# ##### ♣♣♣♣
#.....# ##' ##
#...# #g# ##.####
##.. .## ####.###
... ##.# ##...
..###....### #...#
#..# ##....
...##......# #)..#
#..####.....
...'.......# #####
#.....'.....
...##.#....#
#..####.....
..####.#.####
####.## ##.... .##
######.# #.####
##...


You could see Crazy Yiuf.

Vanquished Creatures
  A hound (D:3)
  Robin (D:2)
  An adder (D:2)
  6 orcs (D:3)
  9 endoplasms
  3 giant cockroaches
  9 goblins
  9 hobgoblins
  9 jackals
  2 quokkas (D:1)
  8 ball pythons
  8 bats
  2 frilled lizards
  6 kobolds
  6 rats
  A bush (D:3)
81 creatures vanquished.

Vanquished Creatures (others)
  2 fungi (D:3)
2 creatures vanquished.

Grand Total: 83 creatures vanquished

Notes
Turn   | Place    | Note
-------+----------+-------------------------------------------
     0 | D:1      | pbellow the Hill Orc Fighter began the quest for the Orb.
     0 | D:1      | Reached XP level 1. HP: 19/19 MP: 1/1
   185 | D:1      | Reached XP level 2. HP: 22/27 MP: 2/2
   876 | D:2      | Reached XP level 3. HP: 28/33 MP: 3/3
  1273 | D:2      | Noticed Robin
  1279 | D:2      | Killed Robin
  1537 | D:2      | Reached XP level 4. HP: 39/40 MP: 4/4
  2027 | D:3      | Found Terchid's Armour Emporium.
  2047 | D:3      | Found Nuissya's Magic Scroll Boutique.
  2188 | D:3      | Reached XP level 5. HP: 32/47 MP: 5/5
  2404 | D:3      | Found Ehoorgh's Antique Armour Emporium.
  3370 | D:3      | Found a runed translucent door.
  3371 | D:3      | Noticed Crazy Yiuf
  3377 | D:3      | Slain by Crazy Yiuf

Illustrated notes

Levels and vault maps discovered:
D:1:      wander_arrival_chamber, layout_basic, minmay_pentomino_s2
D:2:      layout_basic, uniq_robin
D:3:      layout_loops_corners, serial_shops, nicolae_shop_behind_doors, shop,
          nicolae_shop_crystal, chequers_garden, uniq_crazy_yiuf_cottage

Skill      XL: |  1  2  3  4 |
---------------+-------------+-----
Axes           | 3 4 |  4.8
Fighting       | 4 |  4.3
Shields        | 4 |  4.4
Armour         | |  3.7
Dodging        | |  0.5

Action                   |  1- 3 |  4- 6 || total
-------------------------+-------+-------++-------
Melee: War axe           |    88 |   140 ||   228
  Use: Potion            |     1 |       ||     1
       Scroll            |       |     8 ||     8
Armor: Scale mail        |    54 |    30 ||    84
Dodge: Dodged            |    41 |    35 ||    76
Block: Kite shield       |    61 |    61 ||   122
